 Dungeon Crawl Stone Soup version 0.24.0-1-gfbc8707122 (webtiles) character file.

Game seed: 105726682913474833, levelgen mode: deterministic

16 Arixos the Gusty (level 2, -1/18 HPs)
             Began as an Octopode Air Elementalist on Oct 28, 2019.
             Slain by a leopard gecko (4 damage)
             ... on level 1 of the Dungeon.
             The game lasted 00:02:47 (483 turns).

Arixos the Gusty (Octopode Air Elementalist)         Turns: 483, Time: 00:02:47

Health: -1/18      AC:  1    Str:  7    XL:     2   Next: 58%
Magic:  1/5        EV: 13    Int: 17    God:
Gold:   5          SH:  0    Dex: 12    Spells: 4/5 levels left

rFire    . . .     SeeInvis .   f - +0 dagger (holy)
rCold    . . .     Gourm    .   (no shield)
rNeg     . . .     Faith    .   (helmet restricted)
rPois    .         Spirit   .   (no amulet)
rElec    .         Reflect  .   (no ring)
rCorr    .         Harm     .   (no ring)
MR       .....                  (no ring)
Stlth    +++.......             (no ring)
HPRegen  0.06/turn              (no ring)
MPRegen  0.09/turn              (no ring)
                                (no ring)
                                (no ring)

@: no status effects
A: almost no armour, stealthy swim, amphibious, 8 rings, constrict 8, camouflage
1, gelatinous body 1
a: no special abilities


You were on level 1 of the Dungeon.
You were not hungry.

You visited 1 branch of the dungeon, and saw 1 of its levels.

You collected 5 gold pieces.

Inventory:

Hand Weapons
 f - a +0 dagger of holy wrath (weapon)
Scrolls
 c - a scroll of magic mapping {unknown}
 e - 2 scrolls of remove curse {unknown}
Potions
 a - 2 potions of heal wounds {unknown}
 g - a potion of invisibility {unknown}
Comestibles
 b - a ration
 d - 6 chunks of flesh


   Skills:
 + Level 0.4 Fighting
 + Level 2.1 Dodging
 - Level 2.6 Stealth
 * Level 2.2 Spellcasting
 * Level 1.3 Conjurations
 * Level 3.2 Air Magic


You had 4 spell levels left.
You knew the following spells:

 Your Spells              Type           Power        Failure   Level  Hunger
a - Shock                 Conj/Air       #...         8%          1    #......

Your spell library contained the following spells:

 Spells                   Type           Power        Failure   Level  Hunger
 Swiftness                Chrm/Air       #.......     14%         2    ###....
 Static Discharge         Conj/Air       #.......     22%         3    ###....
 Airstrike                Air            ##........   45%         4    #####..
 Lightning Bolt           Conj/Air       #.........   90%         5    ######.


Dungeon Overview and Level Annotations

Branches:
Dungeon (1/15)

Altars:


Innate Abilities, Weirdness & Mutations

You cannot wear most types of armour.
You are very stealthy in the water. (Stealth+)
You are amphibious.
You can wear up to eight rings at the same time.
You can use your tentacles to constrict eight enemies at once.
Your skin changes colour to match your surroundings (Stealth+).
Your rubbery body absorbs attacks. (AC +1, EV +1)


Message History

You kill the bat!
The zap misses the hobgoblin.
The leopard gecko barely misses you.
Casting: Shock (safe; 8% risk of failure)
Confirm with . or Enter, or press ? or * to list all spells.
Aiming: Shock (safe; 8% risk of failure)
Press: ? - help, Shift-Dir - straight line The zap hits the leopard gecko.
The leopard gecko is almost dead.
The zap hits the hobgoblin.
The hobgoblin is lightly wounded.
The zap misses the goblin.
The leopard gecko hisses menacingly.
The leopard gecko bites you but does no damage.
The leopard gecko bites you.
* * * LOW HITPOINT WARNING * * *
The leopard gecko hisses menacingly.
The leopard gecko bites you.
* * * LOW HITPOINT WARNING * * *
The leopard gecko bites you.
You die...

≈≈≈#.# ≈≈≈#.# ########### ≈≈≈#.#
#.........# ≈≈≈#.# #.........#
≈≈≈#.######### #.........# #####
≈≈≈#.##......####.........###....
≈≈≈#.##......##...........##....÷
≈≈≈#.##......##...........##.....
≈≈≈#..'......''.@lgg...........).
≈≈≈#.##......##......#######.....
≈≈≈#.##.(....##......# #....)..
≈≈≈#.##......###....### #.......
≈≈≈#.##......#........## #.......
≈≈≈#.##.........P..P...# ###+####
≈≈≈#.##................## #
≈≈≈#.#######..P......P..# #
≈≈≈#(######.............####.#


You could see a leopard gecko, a hobgoblin and a goblin.

Vanquished Creatures
  2 bats (D:1)
  A giant cockroach (D:1)
  2 goblins (D:1)
  3 hobgoblins (D:1)
  4 kobolds (D:1)
  4 rats (D:1)
16 creatures vanquished.

Notes
Turn   | Place    | Note
-------+----------+-------------------------------------------
     0 | D:1      | Arixos the Octopode Air Elementalist began the quest for
                  | the Orb.
     0 | D:1      | Reached XP level 1. HP: 11/11 MP: 3/3
   133 | D:1      | Reached XP level 2. HP: 13/17 MP: 0/5
   483 | D:1      | Slain by a leopard gecko

Levels and vault maps discovered:
D:1:      zaba_arrival_water, layout_basic, minmay_misc_feat_plants,
          minmay_vboxes

Action                   || total
-------------------------++-------
Melee: Short sword       ||     5
       Unarmed           ||     4
       Constrict         ||     3
       Tentacles         ||     2
       Dagger            ||     1
 Cast: Shock             ||    28
Armor: Skin              ||     5
Dodge: Dodged            ||    25
